 Dungeon Crawl Stone Soup version 0.19-a0-1626-g5215c36 (webtiles) character file.

66 Alarkh the Grave Robber (level 3, 0/24 HPs)
             Began as a Mummy Necromancer on Sept 18, 2016.
             Slain by a gnoll
             ... wielding a +1 halberd of flaming
              (3 damage)
             ... on level 2 of the Dungeon.
             The game lasted 00:02:44 (1720 turns).

Alarkh the Grave Robber (Mummy Necromancer)         Turns: 1720, Time: 00:02:45

Health: 0/24       AC:  3    Str: 11    XL:     3   Next: 96%
Magic:  1/7        EV: 12    Int: 15    God:
Gold:   92         SH:  0    Dex: 12    Spells: 2 memorised, 4 levels left

rFire  x . .     SeeInvis .     a - +1 dagger (elec)
rCold  + . .     Gourm    .     d - +0 robe
rNeg   + + +     Faith    .     (no shield)
rPois  ∞         Spirit   .     (no helmet)
rElec  .         Dismiss  .     l - +0 cloak
rCorr  +         Reflect  .     (no gloves)
MR     +....     Harm     .     (no boots)
Stlth  ++........               (no amulet)
                                j - ring of resist corrosion
                                c - ring of protection from magic

@: no status effects
A: no food or potions, fire vulnerability, cold resistance 1, negative energy
resistance 3, torment resistance, unbreathing
a: no special abilities


You were on level 2 of the Dungeon.
You were not hungry.

You visited 1 branch of the dungeon, and saw 2 of its levels.

You collected 92 gold pieces.

Inventory:

Hand Weapons
 a - a +1 dagger of electrocution (weapon)
 m - a +1 dagger of protection
Armour
 d - a +0 robe (worn)
 l - a +0 cloak (worn)
Jewellery
 c - a ring of protection from magic (left hand)
 f - a +5 ring of strength
 j - a ring of resist corrosion (right hand)
Scrolls
 e - 4 scrolls of identify
 g - a scroll of fear
 h - 2 scrolls of remove curse
 i - a scroll of fog
 k - a scroll of enchant armour
Books
 b - a book of Necromancy

   Spells                             Type                      Level
   a - Pain                           Necromancy                   1
   b - Animate Skeleton               Necromancy                   1
   c - Vampiric Draining              Necromancy                   3
   d - Regeneration                   Charms/Necromancy            3
   e - Animate Dead                   Necromancy                   4
   f - Control Undead                 Necromancy                   4


   Skills:
 - Level 1.5 Dodging
 - Level 1.5 Stealth
 + Level 3.1 Spellcasting
 + Level 4.8 Necromancy


You had 4 spell levels left.
You knew the following spells:

 Your Spells              Type           Power        Failure   Level  Hunger
a - Pain                  Necr           ###.         2%          1    N/A
b - Vampiric Draining     Necr           ###.......   10%         3    N/A

Dungeon Overview and Level Annotations

Branches:
Dungeon (2/15)

Altars:


Innate Abilities, Weirdness & Mutations

You do not eat or drink.
Your flesh is vulnerable to fire.
You are immune to poison.
Your flesh is cold resistant. (rC+)
You are immune to negative energy. (rN+++)
You are immune to unholy pain and torment.
You can survive without breathing.


Message History

Aim: a gnoll, wielding a halberd of flaming (moderately wounded, chance to defeat MR: 81%)
The gnoll writhes in agony!
Casting: Pain
Confirm with . or Enter, or press ? or * to list all spells.
Aiming: Pain
Press: ? - help, Shift-Dir - straight line, f/p - gnoll
Aim: a gnoll, wielding a halberd of flaming (moderately wounded, chance to defeat MR: 81%)
The gnoll writhes in agony!
The gnoll hits you from afar with a halberd of flaming.
The gnoll burns you.
Casting: Pain
Confirm with . or Enter, or press ? or * to list all spells.
Aiming: Pain
Press: ? - help, Shift-Dir - straight line, f/p - gnoll
Aim: a gnoll, wielding a halberd of flaming (severely wounded, chance to defeat MR: 81%)
The gnoll barely resists.
The gnoll hits you from afar with a halberd of flaming!
* * * LOW HITPOINT WARNING * * *
The gnoll burns you.
You die...

#.##..!#.##.........#
#........###.......##
####.#...(.).((...##
#.#.######....## #
#[#.# #.#'## #
##.#.######.#.#####
#.g...#............
#!.#..#.###.#.#####
#.@.....###....## #
#.##............# #
#.###.######...##
#.....# ##.## #######
#)# #.# #.# #.# #.#


You could see a gnoll.

Vanquished Creatures
  3 gnolls (D:2)
  A worm (D:2)
  A dart slug (D:2)
  2 leopard geckos (D:1)
  2 goblins (D:2)
  4 hobgoblins
  5 jackals (D:2)
  5 kobolds (D:1)
  2 bats (D:1)
  3 frilled lizards
  2 rats
30 creatures vanquished.

Notes
Turn   | Place    | Note
-------+----------+-------------------------------------------
     0 | D:1      | Alarkh the Mummy Necromancer began the quest for the Orb.
     0 | D:1      | Reached XP level 1. HP: 13/13 MP: 3/3
   142 | D:1      | Reached XP level 2. HP: 19/19 MP: 1/5
  1489 | D:2      | Reached XP level 3. HP: 18/24 MP: 0/7
  1495 | D:2      | Learned a level 3 spell: Vampiric Draining
  1720 | D:2      | Slain by a gnoll

Vault maps used:
D:1:      minmay_arrival_split_and_join

Skill      XL: |  1  2  3 |
---------------+----------+-----
Spellcasting   | 3 |  3.1
Dodging        | |  1.5
Stealth        | |  1.5
Necromancy     | |  4.8

Action                   || total
-------------------------++-------
Melee: Dagger            ||    30
 Cast: Pain              ||    51
  Use: Scroll            ||     4
Armor: Robe              ||     8
Dodge: Dodged            ||    34
